AoeStats
← YANNICKKO

Arena

507123743Analyzed
4v4 RM · 2mo ago on Sep 16, 2026· 72m 28s· 8 players
Game mode
Random Map
Map size
Large (8 player)
Population
200
Speed
Normal
Resources
Standard
Victory
Conquest
Starting age
Dark Age
Ending age
Imperial Age
RankedLock teamsTeams togetherTeam positionsShared explorationLock speedFull tech treeHidden civsTurbo modeCheats
Victory
Defeat
🇳🇴 Mongols · Norway
878
+17
🇧🇪 Inca · Belgium
871
+17
🇬🇧 Dravidians · United Kingdom
832
+19
🇬🇧 Turks · United Kingdom
805
+20
vs
🇷🇴 Inca · Romania
959
-21
🇷🇴 Cumans · Romania
944
-20
🇷🇴 Franks · Romania
865
-17
🇷🇴 Goths · Romania
814
-15
Jappe42
11:52 Feudal Age
16:26 Castle Age
16:30 Horse Collar
19:38 Heavy Plow
19:37 Double-Bit Axe
21:26 Bow Saw
22:45 Wheelbarrow
21:56 Loom
25:08 Scale Mail Armor
25:19 Forging
26:08 Hand Cart
25:40 Town Watch
26:20 Chain Mail Armor
28:37 Iron Casting
28:55 Squires
28:42 Arson
28:54 Gold Mining
33:00 Imperial Age
34:33 Fletching
35:14 Ballistics
34:30 Elite Kamayuk
35:37 Conscription
36:55 Fabric Shields
36:22 Capped Ram
38:10 Siege Ram
39:57 Plate Mail Armor
40:59 Blast Furnace
Prebzz93
11:29 Feudal Age
15:10 Castle Age
13:00 Double-Bit Axe
13:01 Horse Collar
18:21 Bow Saw
19:37 Heavy Plow
20:27 Wheelbarrow
19:44 Loom
21:10 Gold Mining
21:13 Stone Mining
24:22 Hand Cart
25:03 Town Watch
29:28 Imperial Age
27:38 Town Patrol
28:03 Fletching
27:52 Light Cavalry
28:43 Bloodlines
28:33 Husbandry
29:54 Gold Shaft Mining
29:55 Stone Shaft Mining
29:38 Caravan
30:23 Bodkin Arrow
30:54 Ballistics
32:02 Chemistry
32:15 Bracer
34:24 Conscription
33:34 Elite Mangudai
34:50 Hoardings
33:39 Hussar
34:33 Forging
35:14 Coinage
35:53 Capped Ram
38:01 Parthian Tactics
37:50 Thumb Ring
37:29 Siege Ram
39:13 Drill
50:12 Iron Casting
49:43 Scale Barding Armor
59:04 Elite Steppe Lancer
61:54 Blast Furnace
61:14 Chain Barding Armor
61:13 Masonry
61:09 Siege Engineers
61:02 Murder Holes
61:19 Fortified Wall
61:11 Padded Archer Armor
65:42 Leather Archer Armor
pabb7
9:39 Feudal Age
10:10 Double-Bit Axe
12:46 Loom
18:14 Castle Age
16:38 Horse Collar
16:32 Man-at-Arms
19:24 Bow Saw
19:34 Forging
19:05 Long Swordsman
19:32 Gambesons
21:13 Scale Mail Armor
22:06 Arson
28:03 Heavy Plow
32:26 Wheelbarrow
32:23 Fortified Wall
32:10 Murder Holes
32:16 Gold Mining
33:34 Ballistics
37:28 Imperial Age
36:25 Ballistics
37:29 Heavy Scorpion
39:00 Conscription
41:31 Iron Casting
41:11 Chain Mail Armor
41:24 Wootz Steel
42:52 Elite Urumi Swordsman
43:45 Squires
47:39 Blast Furnace
51:47 Plate Mail Armor
52:29 Elite Skirmisher
53:02 Fletching
53:13 Padded Archer Armor
55:10 Bodkin Arrow
55:31 Leather Archer Armor
58:44 Bracer
59:14 Ring Archer Armor
60:13 Thumb Ring
62:36 Two-Man Saw
cheeky_coaster
8:13 Loom
11:59 Feudal Age
16:37 Castle Age
17:30 Horse Collar
17:54 Double-Bit Axe
18:11 Gold Mining
18:14 Town Watch
21:46 Wheelbarrow
21:12 Town Patrol
21:30 Bloodlines
24:56 Heavy Plow
24:49 Stone Mining
26:19 Gold Shaft Mining
28:45 Hand Cart
29:58 Ballistics
29:34 Murder Holes
30:30 Scale Barding Armor
30:38 Forging
31:44 Chain Barding Armor
35:22 Imperial Age
34:26 Iron Casting
34:06 Fortified Wall
35:26 Heavy Camel Rider
36:48 Husbandry
37:33 Plate Barding Armor
38:53 Conscription
39:44 Elite Janissary
41:08 Padded Archer Armor
42:08 Blast Furnace
40:59 Fletching
45:53 Bow Saw
47:16 Crossbowman
48:04 Thumb Ring
YANNICKKO
8:24 Loom
10:39 Feudal Age
17:37 Castle Age
17:52 Double-Bit Axe
18:20 Stone Mining
21:36 Wheelbarrow
28:30 Imperial Age
28:48 Cavalier
32:38 Hand Cart
32:18 Pikeman
34:17 Gold Mining
37:05 Forging
36:57 Scale Mail Armor
37:01 Padded Archer Armor
36:31 Halberdier
38:24 Gold Shaft Mining
37:52 Paladin
38:57 #83
42:15 Scale Barding Armor
42:46 Iron Casting
42:27 Leather Archer Armor
44:17 Chain Barding Armor
48:26 Plate Barding Armor
48:51 Blast Furnace
52:22 Chain Mail Armor
61:59 Onager
EmirR6S
11:27 Feudal Age
15:41 Castle Age
14:08 Horse Collar
14:16 Double-Bit Axe
15:15 Horse Collar
19:02 Stone Mining
18:44 Champi Runner
23:02 Loom
31:34 Wheelbarrow
33:25 Andean Sling
34:05 Heavy Plow
35:28 Bow Saw
36:52 Hand Cart
37:07 Pikeman
37:47 Squires
37:32 Arson
38:01 Gold Mining
38:25 Town Watch
42:45 Imperial Age
41:24 Crossbowman
42:10 Thumb Ring
42:20 Town Patrol
43:24 Arbalester
45:47 Gold Shaft Mining
44:44 Halberdier
46:16 Fletching
46:26 Padded Archer Armor
46:53 Forging
46:44 Scale Mail Armor
47:25 Onager
48:07 Bodkin Arrow
48:27 Leather Archer Armor
51:43 Crop Rotation
51:49 Stone Shaft Mining
51:18 Bracer
51:33 Leather Archer Armor
51:54 Iron Casting
51:34 Chain Mail Armor
59:49 Fabric Shields
62:14 Elite Skirmisher
63:29 Ring Archer Armor
63:59 Blast Furnace
63:29 Plate Mail Armor
63:31 Conscription
THE SUSPECT
11:07 Feudal Age
15:34 Castle Age
16:10 Horse Collar
22:50 Double-Bit Axe
23:25 Man-at-Arms
24:06 Squires
24:08 Long Swordsman
26:15 Wheelbarrow
26:00 Heavy Plow
26:01 Gold Mining
28:30 Stone Mining
29:36 Hand Cart
30:22 Bow Saw
33:04 Stone Shaft Mining
35:28 Imperial Age
34:01 Forging
33:52 Scale Mail Armor
35:57 Loom
35:52 Two-Handed Swordsman
38:37 Chemistry
37:08 Champion
38:17 Conscription
40:17 Perfusion
41:38 Iron Casting
41:19 Chain Mail Armor
43:39 Anarchy
46:51 Elite Huskarl
51:34 Blast Furnace
53:50 Elite Skirmisher
55:03 Pikeman
57:43 Fletching
57:53 Padded Archer Armor
57:50 Halberdier
59:07 Ballistics
62:05 Bodkin Arrow
62:26 Leather Archer Armor
64:56 Crop Rotation
George Droyd
10:08 Loom
11:56 Feudal Age
17:28 Castle Age
15:20 Horse Collar
16:13 Double-Bit Axe
18:16 Heavy Plow
19:42 Wheelbarrow
20:19 Bow Saw
22:26 Gold Mining
22:27 Stone Mining
24:50 Hand Cart
25:48 Padded Archer Armor
25:39 Fletching
27:45 Thumb Ring
32:50 Imperial Age
31:26 Steppe Husbandry
32:41 Leather Archer Armor
32:21 Bodkin Arrow
32:37 Forging
32:32 Scale Barding Armor
33:39 Gold Shaft Mining
33:41 Heavy Cavalry Archer
34:00 Pikeman
34:27 Arson
34:42 Squires
34:59 Halberdier
36:56 Ring Archer Armor
37:36 Parthian Tactics
38:30 Two-Man Saw
38:02 Crop Rotation
37:44 Cavalier
38:34 Bloodlines
38:38 Elite Steppe Lancer
39:45 Elite Kipchak
41:13 Iron Casting
41:03 Chain Barding Armor
42:18 Conscription
43:25 Elite Skirmisher
51:24 Plate Barding Armor
51:24 Iron Casting
60:00 Onager
61:35 Paladin
64:30 Light Cavalry
68:14 Scale Mail Armor
69:14 Blast Furnace
68:25 Hussar
Connection lost

Rejoining the realm…

Still unreachable

The connection could not be restored.

Session expired

The server has moved on; the page needs a fresh start.